 Dungeon Crawl Stone Soup version 0.19.4-10-g532645f (webtiles) character file.

214 raph the Cutter (level 6, -4/43 HPs)
             Began as a Halfling Abyssal Knight on Feb 25, 2017.
             Was a Believer of Lugonu.
             Slain by an ogre
             ... wielding a +0 giant club
              (11 damage)
             ... on level 5 of the Dungeon.
             The game lasted 00:09:33 (4468 turns).

raph the Cutter (Halfling Abyssal Knight)           Turns: 4468, Time: 00:09:33

Health: -4/43      AC:  7    Str: 17    XL:     6   Next: 14%
Magic:  8/8        EV: 19    Int: 10    God:    Lugonu [**....]
Gold:   326        SH:  5    Dex: 20    Spells: 0 memorised, 5 levels left

rFire  + . .     SeeInvis .     s - +2 dagger (speed)
rCold  . . .     Gourm    .     r - +2 ring mail {rF+}
rNeg   . . .     Faith    .     t - +0 buckler
rPois  .         Spirit   .     (no helmet)
rElec  .         Reflect  .     (no cloak)
rCorr  .         Harm     .     (no gloves)
MR     .....                    (no boots)
Stlth  ++........               (no amulet)
                                (no ring)
                                (no ring)

@: mighty, agile, very slightly contaminated, hasted, invisible, very quick
A: mutation resistance 1, weak 1
a: Depart the Abyss, Bend Space, Renounce Religion


You were on level 5 of the Dungeon.
You worshipped Lugonu.
Lugonu was pleased with you.
You were not hungry.

You visited 1 branch of the dungeon, and saw 5 of its levels.
You visited the Abyss 1 time.
You also visited: Sewer.

You collected 326 gold pieces.

Inventory:

Hand Weapons
 a - a +1 short sword
 o - a +0 hunting sling
 s - a +2 dagger of speed (weapon)
Missiles
 y - 2 tomahawks (quivered)
Armour
 b - a +0 leather armour
 n - a +0 scale mail
 r - a +2 ring mail of fire resistance (worn)
 t - a +0 buckler (worn)
Jewellery
 l - an uncursed amulet of faith {unknown}
Wands
 w - a wand of teleportation (5/9)
Scrolls
 d - 6 scrolls of identify {unknown}
 e - 2 scrolls of random uselessness {unknown}
 f - 2 scrolls of immolation {unknown}
 g - a scroll of enchant armour {unknown}
 h - a scroll of fear {unknown}
 m - 2 scrolls of noise {unknown}
 p - a scroll of recharging {unknown}
 q - a scroll of magic mapping {unknown}
 u - a scroll of teleportation {unknown}
 E - a scroll of blinking {unknown}
Potions
 k - a potion of might
 x - a potion of agility
 A - a potion of curing
 B - 2 potions of heal wounds {unknown}
Books
 C - a book of Maledictions

   Spells                             Type                      Level
   a - Corona                         Hexes                        1
   b - Ensorcelled Hibernation        Hexes/Ice                    2
   c - Confuse                        Hexes                        3
   d - Tukima's Dance                 Hexes                        3
   e - Dazzling Spray                 Conjuration/Hexes            3
Comestibles
 c - 3 bread rations
 v - a meat ration
 D - 2 chunks of flesh


   Skills:
 * Level 3.7 Fighting
 * Level 4.5 Short Blades
 + Level 2.8 Armour
 + Level 2.4 Dodging
 + Level 1.2 Shields
 + Level 2.7 Invocations


You had 5 spell levels left.
You didn't know any spells.

Dungeon Overview and Level Annotations

Branches:
Dungeon (5/15)
 Temple: D:4-7

Altars:

Annotations:
D:3 Typee's ghost, amateur OpCj


Innate Abilities, Weirdness & Mutations

You are small and have problems with some larger weapons.
You are somewhat resistant to further mutation.
You are weak. (Str -2)


Message History

You fade into invisibility!
* * * LOW HITPOINT WARNING * * *
You feel sick. The orc closely misses you.
You are very lightly contaminated with residual magic.
It was a potion of haste.
You feel yourself speed up.
* * * LOW HITPOINT WARNING * * *
You feel sick. The orc misses you.
It was a potion of agility.
You feel agile all of a sudden.
Unknown command.
It was a potion of curing.
You feel better. The orc completely misses you.
You puncture the orc!
You kill the orc!
Lugonu accepts your kill.
You puncture the orc!
You kill the orc!
Lugonu accepts your kill.
The crimson imp disappears for a moment.
The ogre hits you with a giant club!
You die...

###.#...
####.....###
...........
#.........
#o<.......
#5......## .
#.o.....#
....#######Z......#
........@O5oo.......
....################
.


You could see an orc warrior, an ogre, a crimson imp, an orc and a jackal
skeleton.

Vanquished Creatures
  Purgy (Sewer)
  3 adders
  An ooze (D:3)
  3 worms
  4 leopard geckos (D:3)
  5 orcs
  A ball python (D:4)
  7 bats
  4 giant cockroaches (D:3)
  7 goblins
  5 hobgoblins
  6 jackals
  8 kobolds
  8 frilled lizards
  8 rats
71 creatures vanquished.

Notes
Turn   | Place    | Note
-------+----------+-------------------------------------------
     0 | Abyss:1  | raph the Halfling Abyssal Knight began the quest for the Orb.
     0 | Abyss:1  | Reached XP level 1. HP: 15/15 MP: 2/2
    39 | D:1      | Escaped the Abyss
   243 | D:1      | Reached XP level 2. HP: 17/20 MP: 3/3
   288 | D:1      | Reached * piety under Lugonu
   810 | D:2      | Reached skill level 3 in Short Blades
   900 | D:2      | Reached XP level 3. HP: 11/26 MP: 4/4
  1621 | D:2      | Reached XP level 4. HP: 16/31 MP: 5/5
  1762 | D:2      | Noticed a phantom
  1802 | D:2      | HP: 1/31 [phantom (3)]
  1808 | D:1      | HP: 1/31 [goblin/dagger (1)]
  2986 | D:3      | Reached ** piety under Lugonu
  2994 | D:3      | Found a glowing drain.
  3022 | Sewer    | Entered a sewer
  3048 | Sewer    | Reached skill level 4 in Short Blades
  3097 | Sewer    | Noticed Purgy
  3119 | Sewer    | Killed Purgy
  3119 | Sewer    | Reached skill level 1 in Shields
  3119 | Sewer    | Reached XP level 5. HP: 21/36 MP: 5/7
  3311 | D:3      | Reached XP level 6. HP: 42/42 MP: 8/8
  3316 | D:3      | Noticed Typee's ghost (amateur OpCj)
  4438 | D:4      | Noticed an orc warrior
  4451 | D:5      | Entered Level 5 of the Dungeon
  4451 | D:5      | Noticed an ogre
  4451 | D:5      | Noticed an orc warrior
  4460 | D:5      | Gained mutation: You are weak. (Str -2) [potion of mutation]
  4462 | D:5      | HP: 2/43 [poisoned by an orc warrior]
  4468 | D:5      | Slain by an ogre

Skill      XL: |  1  2  3  4 |
---------------+-------------+-----
Short Blades   | 3 4 |  4.5
Fighting       | 3 |  3.7
Dodging        | 2 |  2.4
Shields        | 1 |  1.2
Armour         | |  2.8
Invocations    | |  2.7

Action                   |  1- 3 |  4- 6 || total
-------------------------+-------+-------++-------
Melee: Short sword       |   114 |    80 ||   194
       Dagger            |       |   160 ||   160
Invok: Depart the Abyss  |     1 |       ||     1
  Use: Potion            |       |     6 ||     6
 Stab: Sleeping          |     2 |       ||     2
  Eat: Chunk             |     2 |     6 ||     8
       Meat ration       |       |     1 ||     1
Armor: Leather armour    |    10 |       ||    10
       Scale mail        |    23 |    38 ||    61
       Ring mail         |       |     7 ||     7
Dodge: Dodged            |    84 |    88 ||   172
Block: Buckler           |       |    23 ||    23
